SL
VANCOUVER GREY WOLVES @ GREENVILLE 84S
05/28/2029
 
TOP OF THE 1ST
Vancouver Grey Wolves batting - Pitching for Greenville 84s : RHP Esteban González
Pitching: RHP Esteban González
Batting: LHB Michael Malloy 0-0: Called Strike
0-1: Foul Ball, location: 2F
0-2: Ball
1-2: Ground out 4-3 (Groundball, 4)
Batting: LHB Aquiles Marmelo 0-0: SOLO HOME RUN (Line Drive, 89XD), Distance : 426 ft
Batting: RHB Rodney Hanna 0-0: Ball
1-0: Fly out, F3 (Popup, 23F)
Batting: LHB Preston Witt 0-0: Ball
1-0: Foul Ball, location: 2F
1-1: DOUBLE (Flyball, 78D)
Batting: SHB Seishiro Nishimura 0-0: Swinging Strike
0-1: Foul Ball, location: 2F
0-2: Ball
1-2: Fly out, F9 (Flyball, 9S)
Top of the 1st over - 1 run, 2 hits, 0 errors, 1 left on base; Vancouver 1 - Greenville 0
BOTTOM OF THE 1ST
Greenville 84s batting - Pitching for Vancouver Grey Wolves : RHP Erasmo Monteagudo
Pitching: RHP Erasmo Monteagudo
Batting: RHB Pablo Marrero 0-0: Foul Ball, location: 2F
0-1: Ball
1-1: Ball
2-1: Ball
3-1: Foul Ball, location: 2F
3-2: Ground out 5-3 (Groundball, 5S)
Batting: SHB Jorge Barrios 0-0: Ball
1-0: Swinging Strike
1-1: Ball
2-1: Ball
3-1: Foul Ball, location: 2F
3-2: Foul Ball, location: 2F
3-2: SINGLE (Line Drive, 4MD)
Batting: RHB Roberto Escues 0-0: Ball
1-0: Called Strike
1-1: Foul Ball, location: 2F
1-2: Ball
2-2: Strikes out swinging
Batting: LHB Herman Hayes 0-0: Ball
1-0: Ball
2-0: Ball
3-0: Called Strike
3-1: DOUBLE (Flyball, 8LXD)
Jorge Barrios to third
Runner from 3rd tries for Home, SAFE, no throw
Batting: RHB Juan García 0-0: Ball
1-0: Ball
2-0: Ball
3-0: Called Strike
3-1: Called Strike
3-2: SINGLE (Flyball, 3D)
Herman Hayes to third
Herman Hayes scores
Batting: LHB Christian Blair 0-0: Foul Ball, location: 2F
0-1: Swinging Strike
0-2: Strikes out swinging
Bottom of the 1st over - 2 runs, 3 hits, 0 errors, 1 left on base; Vancouver 1 - Greenville 2
TOP OF THE 2ND
Vancouver Grey Wolves batting - Pitching for Greenville 84s : RHP Esteban González
Batting: RHB Gilberto Rodríguez 0-0: Ball
1-0: Ball
2-0: Called Strike
2-1: Foul Ball, location: 2F
2-2: Strikes out swinging
Batting: RHB Danny Walsh 0-0: Called Strike
0-1: Ball
1-1: SINGLE (Line Drive, 8RS)
Batting: RHB Wilson Vega 0-0: Swinging Strike
0-1: Ground out 5-3 (Groundball, 56S)
Danny Walsh to second
Batting: RHB Taylor Landis 0-0: Ball
1-0: Foul Ball, location: 2F
1-1: Called Strike
1-2: Ball
2-2: Strikes out swinging
Top of the 2nd over - 0 runs, 1 hit, 0 errors, 1 left on base; Vancouver 1 - Greenville 2
BOTTOM OF THE 2ND
Greenville 84s batting - Pitching for Vancouver Grey Wolves : RHP Erasmo Monteagudo
Batting: RHB Thom Beach 0-0: Foul Ball, location: 2F
0-1: Fly out, F8 (Flyball, 8RM)
Batting: RHB Rodrigo Lugo 0-0: Ball
1-0: Foul Ball, location: 2F
1-1: SINGLE (Line Drive, 89S)
Batting: RHB Dani Serrano 0-0: Called Strike
Rodrigo Lugo steals 2nd base
0-1: Ball
1-1: Ball
2-1: Ground out 2-3 (Groundball, 15S)
Rodrigo Lugo to third
Batting: RHB Pablo Marrero 0-0: Foul Ball, location: 2F
0-1: Swinging Strike
0-2: Ball
1-2: Ground out 6-3 (Groundball, 6D)
Bottom of the 2nd over - 0 runs, 1 hit, 0 errors, 1 left on base; Vancouver 1 - Greenville 2
TOP OF THE 3RD
Vancouver Grey Wolves batting - Pitching for Greenville 84s : RHP Esteban González
Batting: LHB Michael Malloy 0-0: Foul Ball, location: 2F
0-1: Ground out 6-3 (Groundball, 6M)
Batting: LHB Aquiles Marmelo 0-0: Called Strike
0-1: Ball
1-1: Ball
2-1: Ground out 4-3 (Groundball, 34D)
Batting: RHB Rodney Hanna 0-0: Foul Ball, location: 2F
0-1: Ground out U3 (Groundball, 34S)
Top of the 3rd over - 0 runs, 0 hits, 0 errors, 0 left on base; Vancouver 1 - Greenville 2
BOTTOM OF THE 3RD
Greenville 84s batting - Pitching for Vancouver Grey Wolves : RHP Erasmo Monteagudo
Batting: SHB Jorge Barrios 0-0: Ball
1-0: Foul Ball, location: 2F
1-1: Foul Ball, location: 2F
1-2: Foul Ball, location: 2F
1-2: Ball
2-2: Foul Ball, location: 2F
2-2: Ball
3-2: Fly out, F8 (Line Drive, 8LXD)
Batting: RHB Roberto Escues 0-0: Foul Ball, location: 2F
0-1: Called Strike
0-2: Ball
1-2: Foul Ball, location: 2F
1-2: Ball
2-2: Foul Ball, location: 2F
2-2: Ball
3-2: Fly out, F7 (Line Drive, 7)
Batting: LHB Herman Hayes 0-0: Called Strike
0-1: Ball
1-1: Swinging Strike
1-2: Foul Ball, location: 2F
1-2: SINGLE (Groundball, 56D)
Batting: RHB Juan García 0-0: Called Strike
0-1: SINGLE (Groundball, 34) (infield hit)
Herman Hayes to second
Batting: LHB Christian Blair 0-0: Ball
1-0: Ball
2-0: Called Strike
2-1: Called Strike
2-2: Ball
3-2: Foul Ball, location: 2F
3-2: Base on Balls
Herman Hayes to third
Juan García to second
Batting: RHB Thom Beach 0-0: Foul Ball, location: 2F
0-1: Swinging Strike
0-2: Ball
1-2: Ball
2-2: Ball
3-2: Strikes out swinging
Bottom of the 3rd over - 0 runs, 2 hits, 0 errors, 3 left on base; Vancouver 1 - Greenville 2
TOP OF THE 4TH
Vancouver Grey Wolves batting - Pitching for Greenville 84s : RHP Esteban González
Batting: LHB Preston Witt 0-0: Ball
1-0: Called Strike
1-1: Ground out 4-3 (Groundball, 4)
Batting: SHB Seishiro Nishimura 0-0: Ball
1-0: Ball
2-0: Ground out 6-3 (Groundball, 6)
Batting: RHB Gilberto Rodríguez 0-0: Called Strike
0-1: Ball
1-1: SINGLE (Flyball, 9S)
Batting: RHB Danny Walsh 0-0: Foul Ball, location: 2F
0-1: Ball
1-1: Foul Ball, location: 2F
1-2: Ball
2-2: SINGLE (Groundball, 56D)
Gilberto Rodríguez to second
Batting: RHB Wilson Vega 0-0: Called Strike
0-1: Ball
1-1: Ball
2-1: Reached on error, E1 (Groundball, 13)
Gilberto Rodríguez to third
Danny Walsh to second
Batting: RHB Taylor Landis 0-0: Ball
1-0: Ground out 3-1 (Groundball, 34)
Top of the 4th over - 0 runs, 2 hits, 1 error, 3 left on base; Vancouver 1 - Greenville 2
BOTTOM OF THE 4TH
Greenville 84s batting - Pitching for Vancouver Grey Wolves : RHP Erasmo Monteagudo
Batting: RHB Rodrigo Lugo 0-0: Called Strike
0-1: Ground out 6-3 (Groundball, 6MS)
Batting: RHB Dani Serrano 0-0: Ball
1-0: Foul Ball, location: 2F
1-1: Ball
2-1: Fly out, F8 (Line Drive, 78D)
Batting: RHB Pablo Marrero 0-0: Called Strike
0-1: DOUBLE (Flyball, 8LD)
Batting: SHB Jorge Barrios 0-0: Called Strike
0-1: Ball
1-1: Swinging Strike
1-2: Ball
2-2: Ball
3-2: Ground out U3 (Groundball, 3)
Bottom of the 4th over - 0 runs, 1 hit, 0 errors, 1 left on base; Vancouver 1 - Greenville 2
TOP OF THE 5TH
Vancouver Grey Wolves batting - Pitching for Greenville 84s : RHP Esteban González
Batting: LHB Michael Malloy 0-0: Ball
1-0: Swinging Strike
1-1: Called Strike
1-2: DOUBLE (Line Drive, 7LM)
Batting: LHB Aquiles Marmelo 0-0: Ball
1-0: Ball
2-0: Ball
3-0: Called Strike
3-1: Base on Balls
Batting: RHB Rodney Hanna 0-0: Called Strike
0-1: Ball
1-1: Ball
2-1: Ground out 6-3 (Groundball, 6S)
Michael Malloy to third
Aquiles Marmelo to second
Batting: LHB Preston Witt 0-0: Called Strike
0-1: Foul Ball, location: 2F
0-2: Ball
1-2: Strikes out swinging
Batting: SHB Seishiro Nishimura 0-0: Ball
1-0: Called Strike
1-1: Swinging Strike
1-2: Fly out, F4 (Line Drive, 4MD)
Top of the 5th over - 0 runs, 1 hit, 0 errors, 2 left on base; Vancouver 1 - Greenville 2
BOTTOM OF THE 5TH
Greenville 84s batting - Pitching for Vancouver Grey Wolves : RHP Erasmo Monteagudo
Batting: RHB Roberto Escues 0-0: Swinging Strike
0-1: Ball
1-1: Ball
2-1: Ground out 6-3 (Groundball, 56)
Batting: LHB Herman Hayes 0-0: Fly out, F8 (Flyball, 8LS)
Batting: RHB Juan García 0-0: Called Strike
0-1: Ground out 4-3 (Groundball, 4)
Bottom of the 5th over - 0 runs, 0 hits, 0 errors, 0 left on base; Vancouver 1 - Greenville 2
TOP OF THE 6TH
Vancouver Grey Wolves batting - Pitching for Greenville 84s : RHP Esteban González
Batting: RHB Gilberto Rodríguez 0-0: Fly out, F7 (Flyball, 78S)
Batting: RHB Danny Walsh 0-0: Ground out 5-3 (Groundball, 56)
Batting: RHB Wilson Vega 0-0: Called Strike
0-1: Foul Ball, location: 2F
0-2: Ball
1-2: Ball
2-2: Ball
3-2: Strikes out swinging
Top of the 6th over - 0 runs, 0 hits, 0 errors, 0 left on base; Vancouver 1 - Greenville 2
BOTTOM OF THE 6TH
Greenville 84s batting - Pitching for Vancouver Grey Wolves : RHP Erasmo Monteagudo
Batting: LHB Christian Blair 0-0: Called Strike
0-1: Fly out, F9 (Flyball, 9)
Batting: RHB Thom Beach 0-0: Called Strike
0-1: Ball
1-1: Ball
2-1: SINGLE (Groundball, 34S) (infield hit)
Pitching: RHP José Larranaga
Batting: RHB Rodrigo Lugo 0-0: Ball
1-0: Fly out, F7 (Flyball, 7D)
Batting: RHB Dani Serrano 0-0: Fly out, F7 (Flyball, 7D)
Bottom of the 6th over - 0 runs, 1 hit, 0 errors, 1 left on base; Vancouver 1 - Greenville 2
TOP OF THE 7TH
Vancouver Grey Wolves batting - Pitching for Greenville 84s : RHP Esteban González
Batting: RHB Taylor Landis 0-0: Ball
1-0: Ball
2-0: Called Strike
2-1: Foul Ball, location: 2F
2-2: Foul Ball, location: 2F
2-2: SINGLE (Groundball, 4MD)
Pitching: LHP Ernest Torres
Batting: LHB Michael Malloy 0-0: Ball
1-0: Ball
2-0: Called Strike
2-1: Foul Ball, location: 2F
2-2: SINGLE (Flyball, 89M)
Taylor Landis to second
Runner from 2nd tries for 3rd, SAFE, no throw
Batting: LHB Aquiles Marmelo 0-0: Called Strike
0-1: Ball
1-1: Foul Ball, location: 2F
1-2: Ball
2-2: SINGLE (Line Drive, 89M)
Taylor Landis scores
Michael Malloy to second
Runner from 2nd tries for 3rd, SAFE, throw made to third
Pitching: LHP José Rico
Batting: RHB Rodney Hanna 0-0: Swinging Strike
0-1: Swinging Strike
0-2: Ball
1-2: Strikes out looking
Batting: LHB Preston Witt 0-0: Ball
1-0: Fly out, F9 (Line Drive, 9LM)
Runner from 3rd tags up, SCORES, no throw
Batting: SHB Seishiro Nishimura 0-0: Swinging Strike
0-1: Foul Ball, location: 2F
0-2: Ball
1-2: Strikes out swinging
Top of the 7th over - 2 runs, 3 hits, 0 errors, 1 left on base; Vancouver 3 - Greenville 2
BOTTOM OF THE 7TH
Greenville 84s batting - Pitching for Vancouver Grey Wolves : RHP José Larranaga
Batting: RHB Pablo Marrero 0-0: Called Strike
0-1: Ball
1-1: Called Strike
1-2: Ball
2-2: Strikes out looking
Batting: SHB Jorge Barrios 0-0: Foul Ball, location: 2F
0-1: Swinging Strike
0-2: Ball
1-2: Ball
2-2: Foul Ball, location: 2F
2-2: Fly out, F9 (Flyball, 9D)
Batting: RHB Roberto Escues 0-0: Foul Ball, location: 2F
0-1: Swinging Strike
0-2: Strikes out swinging
Bottom of the 7th over - 0 runs, 0 hits, 0 errors, 0 left on base; Vancouver 3 - Greenville 2
TOP OF THE 8TH
Vancouver Grey Wolves batting - Pitching for Greenville 84s : LHP José Rico
Batting: RHB Gilberto Rodríguez 0-0: Called Strike
0-1: Called Strike
0-2: Ball
1-2: Ground out 6-3 (Groundball, 6)
Batting: RHB Danny Walsh 0-0: Ball
1-0: Swinging Strike
1-1: Called Strike
1-2: Strikes out looking
Batting: RHB Wilson Vega 0-0: Called Strike
0-1: Foul Ball, location: 2F
0-2: Ball
1-2: Strikes out swinging
Top of the 8th over - 0 runs, 0 hits, 0 errors, 0 left on base; Vancouver 3 - Greenville 2
BOTTOM OF THE 8TH
Greenville 84s batting - Pitching for Vancouver Grey Wolves : RHP José Larranaga
Pitching: RHP Francisco Valdés
Batting: LHB Herman Hayes 0-0: Ball
1-0: Ball
2-0: SINGLE (Flyball, 8RM)
Pinch Runner at 1st Ramón Valdéz:
Batting: RHB Juan García 0-0: Foul Ball, location: 2F
0-1: Called Strike
0-2: Grounds into double play, U4-3 (Groundball, 6MD)
Batting: LHB Christian Blair 0-0: Ball
1-0: Swinging Strike
1-1: Foul Ball, location: 2F
1-2: Ball
2-2: Foul Ball, location: 2F
2-2: Foul Ball, location: 2F
2-2: Foul Ball, location: 2F
2-2: Foul Ball, location: 2F
2-2: Foul Ball, location: 2F
2-2: Strikes out swinging
Bottom of the 8th over - 0 runs, 1 hit, 0 errors, 0 left on base; Vancouver 3 - Greenville 2
TOP OF THE 9TH
Vancouver Grey Wolves batting - Pitching for Greenville 84s : LHP José Rico
Batting: RHB Taylor Landis 0-0: Swinging Strike
0-1: Hit by Pitch
Batting: LHB Michael Malloy 0-0: Called Strike
0-1: Swinging Strike
0-2: Strikes out swinging
Batting: LHB Aquiles Marmelo 0-0: Called Strike
0-1: Foul Ball, location: 2F
0-2: Foul Ball, location: 2F
0-2: 2-RUN HOME RUN (Flyball, 9LD), Distance : 356 ft
Batting: RHB Rodney Hanna 0-0: Foul Ball, location: 2F
0-1: Ground out 6-3 (Groundball, 6)
Batting: LHB Preston Witt 0-0: Called Strike
0-1: Ball
1-1: Ball
2-1: Foul Ball, location: 2F
2-2: Ground out U3 (Groundball, 34)
Top of the 9th over - 2 runs, 1 hit, 0 errors, 0 left on base; Vancouver 5 - Greenville 2
BOTTOM OF THE 9TH
Greenville 84s batting - Pitching for Vancouver Grey Wolves : RHP Francisco Valdés
Batting: RHB Thom Beach 0-0: Ball
1-0: Called Strike
1-1: Ball
2-1: Ball
3-1: Foul Ball, location: 2F
3-2: Base on Balls
Batting: RHB Rodrigo Lugo 0-0: Foul Ball, location: 2F
0-1: Ball
1-1: Foul Ball, location: 2F
1-2: Ball
2-2: Ball
3-2: Strikes out swinging
Thom Beach is caught stealing 2nd base
Batter strikes out.
Batting: RHB Dani Serrano 0-0: Called Strike
0-1: Ground out 5-3 (Groundball, 56S)
Bottom of the 9th over - 0 runs, 0 hits, 0 errors, 0 left on base; Vancouver 5 - Greenville 2
Tuesday, December 19th, 2017 - OOTP Baseball 18.8 Build 76